 Dungeon Crawl Stone Soup version 0.32-a0-450-g080537f31e (webtiles) character file.

Game seed: 14788848977658247829

6336 bjtr the Sneak (level 10, -7/45 HPs)
             Began as a Vine Stalker Enchanter on Feb 14, 2024.
             Was a Priest of Hepliaklqana.
             Mangled by a komodo dragon (21 damage)
             ... on level 9 of the Dungeon on Feb 24, 2024.
             The game lasted 00:43:39 (7557 turns).

bjtr the Sneak (Vine Stalker Enchanter)             Turns: 7557, Time: 00:43:40

Health: -7/45      AC: 11    Str: 11    XL:     10   Next: 96%
Magic:  0/14       EV: 19    Int: 18    God:    Hepliaklqana [***...]
Gold:   587        SH:  4    Dex: 15    Spells: 13/13 levels left

rFire   . . .        a - +3 dagger (venom)
rCold   . . .        P - +0 buckler
rNeg    + . .        q - +0 steam dragon scales
rPois   +            J - +2 hat
rElec   .            E - +2 ratskin cloak {*Rats rPois rN+ Str-1 Int-1 Dex+1}
rCorr   .            (no gloves)
SInv    .            f - +0 pair of boots
Will    +....        (no amulet)
Stlth   ++++         h - +5 ring of evasion
HPRegen 1.07/turn    x - ring of poison resistance
MPRegen 0.14/turn

%: guardian spirit
@: no status effects
A: reduced essence, fangs 3, regeneration 1, magic shield, antimagic bite, no
potion heal 2
a: Renounce Religion, Recall Ancestor, Ancestor Identity, Transference


You were on level 9 of the Dungeon.
You worshipped Hepliaklqana.
Hepliaklqana was most pleased with you.
You visited 2 branches of the dungeon, and saw 10 of its levels.

You collected 587 gold pieces.

Inventory:

Hand Weapons
 a - a +3 dagger of venom (weapon)
 b - a +0 short sword of speed
 d - a +2 mace of protection
 l - a +0 trident
 w - a +0 quarterstaff
 y - a +1 dagger
 F - a +0 vampiric dagger
 H - a +2 whip of freezing
 Q - a +2 spear of flaming
 T - a +0 rapier
 U - a +1 long sword of protection
Missiles
 j - 44 poisoned darts
 O - 2 curare-tipped darts
Armour
 f - a +0 pair of boots (worn)
 q - +0 steam dragon scales (worn)
 t - a +0 helmet
 u - a +1 leather armour of cold resistance
 B - a +0 cloak
 E - the +2 ratskin cloak (worn) {*Rats rPois rN+ Str-1 Int-1 Dex+1}
   (You found it on level 8 of the Dungeon)

   *Rats:     When the wearer is hurt, rats may emerge from it to assist them.
   Str-1:     It affects your strength (-1).
   Int-1:     It affects your intelligence (-1).
   Dex+1:     It affects your dexterity (+1).
   rPois:     It protects you from poison rN+: It protects you from negative
   energy.
 G - a +1 robe of positive energy
 J - a +2 hat (worn)
 K - a +0 kite shield
 P - a +0 buckler (worn)
Magical Staves
 s - a staff of death
Jewellery
 h - a +5 ring of evasion (left hand)
 x - a ring of poison resistance (right hand)
 M - a ring of fire
Talismans
 A - a serpent talisman
 C - a blade talisman
Wands
 p - a wand of flame (64)
 v - a wand of iceblast (4) (quivered)
 L - a wand of light (5)
 S - a wand of polymorph (14)
Scrolls
 e - 2 scrolls of noise
 g - 2 scrolls of fear
 k - 3 scrolls of blinking
 m - a scroll of amnesia
 n - 3 scrolls of teleportation
 R - a scroll of identify
Potions
 c - 5 potions of invisibility
 i - 4 potions of haste
 o - a potion of might
 r - 2 potions of lignification
 z - a potion of enlightenment
 D - 3 potions of curing
 I - a potion of mutation
 V - a potion of magic


   Skills:
 + Level 5.1 Fighting
 + Level 7.3 Short Blades
 + Level 2.7 Armour
 + Level 6.7 Dodging
 + Level 7.7 Stealth
 + Level 2.1 Shields
 + Level 2.3 Spellcasting
 * Level 7.2 Conjurations
 - Level 3.0 Hexes
 + Level 1.1 Evocations


You had 13 spell levels left.
You didn't know any spells.
Your spell library contained the following spells:

 Spells                   Type           Power      Damage    Failure   Level
 Sting                    Conj/Alch      60%        1d6       5%          1
 Dazzling Flash           Conj/Hex       40%        N/A       9%          3
 Ensorcelled Hibernation  Hex/Ice        14%        N/A       21%         2
 Confusing Touch          Hex            12%        N/A       22%         3
 Tukima's Dance           Hex            12%        N/A       22%         3
 Call Imp                 Summ           4%         N/A       36%         2
 Mercury Vapours          Alch/Air       4%         N/A       36%         2
 Sublimation of Blood     Necr           2%         N/A       36%         2
 Passwall                 Erth           2%         N/A       58%         3
 Swiftness                Air            2%         N/A       58%         3
 Olgreb's Toxic Radiance  Alch           2%         N/A       94%         4
 Summon Hydra             Summ           1%         N/A       100%        7


Dungeon Overview and Level Annotations

Branches:
Dungeon (9/15)             Temple (1/1) D:5
   Lair: D:8-11         Orc: D:9-12

Altars:
Ashenzari
Cheibriados
Elyvilon
Fedhas
Gozag
Hepliaklqana
Kikubaaqudgha
Makhleb
Nemelex Xobeh
Okawaru
Qazlal
Ru
Sif Muna
Trog
Uskayaw
Vehumet
Wu Jian
Xom
Yredelemnul
Zin
The Shining One


Innate Abilities, Weirdness & Mutations

Your life essence is reduced to manifest your ancestor. (-10% HP)
You have razor-sharp teeth.
Your natural rate of healing is unusually fast.
When hurt, damage is shared between your health and your magic reserves.
Your bite disrupts and absorbs the magic of your enemies.
Potions cannot restore your health.


Message History

The ball of steam hits you. You resist.
The ball of steam hits Gulaoc.
Gulaoc resists.
Unknown command.
You hit the steam dragon.
The steam dragon is poisoned.
You bite the steam dragon. You drain its power.
You feel invigorated.
The steam dragon is lightly wounded.
The steam dragon completely misses you. You block the steam dragon's attack.
Unknown command.
You hit the steam dragon.
The steam dragon looks as sick as possible!
You bite the steam dragon, but do no damage.
The steam dragon is moderately wounded.
Gulaoc hits the steam dragon with a +0 flail!
The komodo dragon bites you!!
A hell rat scurries out from under your cloak.
You hit the komodo dragon but do no damage.
The komodo dragon is poisoned.
Your bite misses the komodo dragon. The steam dragon bites you.
The steam dragon misses you.
Unknown command.
You closely miss the komodo dragon.
Your hell rat is engulfed in a cloud of scalding steam.
The komodo dragon completely misses you.
Gulaoc hits the komodo dragon with a +0 flail.
The steam dragon misses you. x2
Unknown command.
You hit the komodo dragon but do no damage.
The komodo dragon looks as sick as possible!
You bite the komodo dragon, but do no damage.
The komodo dragon is lightly wounded.
The komodo dragon bites you!! The steam dragon breathes steam at you.
The ball of steam hits you. You resist.
* * * LOW HITPOINT WARNING * * *
The ball of steam hits your hell rat!
Your hell rat dies!
Gulaoc closely misses the steam dragon.
The komodo dragon attacks as it pursues you!
The komodo dragon bites you!!
You die...
Hepliaklqana delivers you to your ancestors.

##.........#######..............
########### ############### ##.
###..#### ### .........####..
....#...†..#.#### ##
..........R†###.### ### ###.
###...#..Dl§..§§..###.###..#
#.... #####@..§§...###....##
#### #.#.##..........##
###..#.##.#####.# ######### ###


You could see the friendly Gulaoc the knight, a komodo dragon (extremely
poisoned) and a steam dragon (extremely poisoned, catching breath, ally target).

Vanquished Creatures
  Pikel (D:5)
  Maurice (D:7)
  2 komodo dragons (D:9)
  Sigmund (D:2)
  A wyvern (D:8)
  A steam dragon (D:7)
  A water moccasin (D:7)
  4 orc warriors
  2 sky beasts
  A black bear (D:5)
  3 lemures (D:5)
  A centaur (D:8)
  2 kobold brigands
  A bullfrog (D:7)
  2 gnoll sergeants
  A scorpion (D:6)
  3 wights (D:6)
  11 killer bees
  2 howler monkeys
  A bombardier beetle (D:5)
  6 hounds
  5 orc priests
  2 jellies (D:5)
  An iguana (D:5)
  Natasha (thrice) (D:2)
  9 orc wizards
  Robin (D:2)
  15 gnolls
  7 adders
  14 river rats (D:8)
  4 ufetubi (D:5)
  2 dart slugs
  30 orcs
  9 bats
  8 endoplasms
  3 giant cockroaches
  12 goblins
  10 hobgoblins
  2 quokkas
  4 ball pythons
  5 frilled lizards (D:2)
  17 kobolds
  4 rats
215 creatures vanquished.

Vanquished Creatures (collateral kills)
  A manticore (D:9)
  A wyvern (D:9)
  A wraith (D:9)
  3 kobold brigands
  A gnoll sergeant (D:8)
  A scorpion (D:7)
  3 killer bees
  A howler monkey (D:8)
  A hound (D:6)
  2 orc priests
  4 orc wizards
  4 gnolls
  A river rat (D:8)
  2 ufetubi (D:7)
  3 orcs
  10 kobolds
39 creatures vanquished.

Vanquished Creatures (others)
  A killer bee (D:9)
  A knight (D:9)
  2 ancestors (D:6)
4 creatures vanquished.

Grand Total: 258 creatures vanquished

Notes
Turn   | Place    | Note
-------+----------+-------------------------------------------
     0 | D:1      | bjtr the Vine Stalker Enchanter began the quest for the
                  | Orb.
     0 | D:1      | Reached XP level 1. HP: 9/9 MP: 4/4
   231 | D:1      | Reached skill level 1 in Conjurations
   231 | D:1      | Reached XP level 2. HP: 13/13 MP: 6/6
   368 | D:1      | Reached skill level 1 in Short Blades
   421 | D:1      | Reached XP level 3. HP: 16/16 MP: 7/7
  1222 | D:2      | Reached XP level 4. HP: 21/21 MP: 8/8
  1345 | D:2      | Noticed Natasha
  1351 | D:2      | Killed Natasha
  1352 | D:2      | Reached skill level 1 in Fighting
  1352 | D:2      | Reached XP level 5. HP: 25/25 MP: 9/9
  1446 | D:2      | Noticed Natasha
  1460 | D:2      | Killed Natasha
  1461 | D:2      | Reached skill level 1 in Armour
  1461 | D:2      | Noticed Sigmund
  1503 | D:2      | Noticed Robin
  1514 | D:2      | Killed Robin
  1558 | D:2      | Noticed Natasha
  1569 | D:2      | Killed Natasha
  1649 | D:2      | Killed Sigmund
  1650 | D:2      | Reached skill level 5 in Stealth
  1650 | D:2      | Reached XP level 6. HP: 25/30 MP: 6/10
  2432 | D:4      | Reached XP level 7. HP: 26/33 MP: 8/11
  2865 | D:4      | Gained mutation: You have razor-sharp teeth. [Vine Stalker
                  | growth]
  2865 | D:4      | Reached XP level 8. HP: 39/39 MP: 12/12
  2944 | D:4      | Upgraded the game from 0.32-a0-290-g598725c5f2 to
                  | 0.32-a0-450-g080537f31e
  2980 | D:5      | Entered Level 5 of the Dungeon
  3068 | D:5      | Found a staircase to the Ecumenical Temple.
  3081 | Temple   | Entered the Ecumenical Temple
  3091 | Temple   | Became a worshipper of Hepliaklqana the Forgotten
  3139 | D:5      | Found a hide-covered altar of Uskayaw.
  3378 | D:5      | Noticed Pikel
  3631 | D:5      | Killed Pikel
  3632 | D:5      | Reached skill level 5 in Short Blades
  3965 | D:6      | Reached * piety under Hepliaklqana
  3988 | D:5      | Reached XP level 9. HP: 37/38 MP: 13/13
  3996 | D:5      | Reached skill level 5 in Conjurations
  4489 | D:6      | Reached skill level 1 in Evocations
  5279 | D:7      | Reached skill level 5 in Dodging
  5372 | D:7      | Reached ** piety under Hepliaklqana
  5373 | D:7      | Remembered your ancestor Gulaoc as a knight
  5518 | D:7      | Noticed Maurice
  5528 | D:7      | Maurice stole 27 poisoned darts
  5534 | D:7      | Maurice stole a staff of death
  5535 | D:7      | Killed Maurice
  5536 | D:7      | Reached skill level 1 in Shields
  5536 | D:7      | Reached XP level 10. HP: 32/44 MP: 8/14
  6023 | D:8      | Found the +2 ratskin cloak {*Rats rPois rN+ Str-1 Int-1
                  | Dex+1}
  6389 | D:8      | Found an ornate altar of the Wu Jian Council.
  6421 | D:8      | Found a radiant altar of Vehumet.
  6422 | D:8      | Found an opulent altar of Gozag.
  6674 | D:8      | Found a glowing silver altar of Zin.
  6971 | D:9      | Noticed a manticore
  6993 | D:9      | Killed a manticore
  7500 | D:9      | Reached *** piety under Hepliaklqana
  7510 | D:9      | Reached skill level 5 in Fighting
  7557 | D:9      | Mangled by a komodo dragon

Illustrated notes

Levels and vault maps discovered:
D:1:      dpeg_arrival_tiny_c, layout_loops_ring, hex_medium
D:2:      layout_basic, uniq_natasha, uniq_robin, uniq_sigmund
D:3:      layout_basic, solitary_fountain, kennysheep_generic_room_3
D:4:      layout_basic, amcnicky_mini_corridor_feature
D:5:      layout_basic, nicolae_uskayaw_suspiria,
          minmay_temple_entry_butterflies, uniq_pikel
D:6:      layout_basic, grunt_ministairs_8
D:7:      layout_rooms, uniq_maurice
D:8:      wander_guarded_unrand_ratskin, layout_loops_ring,
          lemuel_coloured_pillars_altar, gammafunk_temple_overflow_claw
D:9:      layout_irregular_city, erik_lair_dragon
Temple:   nicolae_temple_slightly_damp_pantheon

Skill      XL: |  1  2  3  4  5  6  7  8  9 10 |
---------------+-------------------------------+-----
Stealth        | 4 5 6 7 |  7.7
Conjurations   | 1 2 3 4 6 7 |  7.2
Short Blades   | 1 2 3 5 6 7 |  7.3
Dodging        | 2 3 5 6 |  6.7
Fighting       | 1 2 4 5 |  5.1
Armour         | 2 |  2.7
Evocations     | 1 |  1.1
Shields        | 1 2 |  2.1
Spellcasting   | |  2.3
Hexes          | |  3.0

Action                     |  1- 3 |  4- 6 |  7- 9 | 10-12 || total
---------------------------+-------+-------+-------+-------++-------
  Melee: Dagger            |    94 |   192 |   334 |   300 ||   920
         Bite              |    24 |    47 |   116 |   104 ||   291
 Invoke: Ancestor Life: Kn |       |       |     1 |       ||     1
  Evoke: Wand              |       |     2 |     7 |       ||     9
    Use: Scroll            |       |       |    11 |     7 ||    18
   Stab: Sleeping          |     6 |     6 |    10 |     2 ||    24
         Distracted        |     1 |       |       |     1 ||     2
 Armour: Leather armour    |    35 |    67 |    22 |       ||   124
         Robe              |     1 |       |    96 |       ||    97
         Steam dragon scal |       |       |     5 |   112 ||   117
  Dodge: Dodged            |    65 |   149 |   262 |   235 ||   711
  Block: Buckler           |       |       |    13 |    45 ||    58

Table legend: (Time is in decaauts)
 A = Elapsed time spent in this place.
 B = Non-inter-level travel time spent in this place.
 C = Inter-level travel time spent in this place.
 D = Time resting spent in this place.
 E = Time spent auto-exploring this place.
 F = Levels seen in this place.
 G = Mean time per level.
                   A        B        C        D        E       F      G
               +--------+--------+--------+--------+--------+-----+--------+
         Total |   7386 |   7149 |    237 |    288 |   4513 |  10 |  738.6 |
       Dungeon |   7366 |   7129 |    237 |    288 |   4513 |   9 |  818.4 |
        Temple |     20 |     20 |      0 |      0 |      0 |   1 |   20.0 |
               +--------+--------+--------+--------+--------+-----+--------+

Top non-repeatable levels by time:
     D:6: 1168 daAuts
     D:2: 1049 daAuts
     D:5: 968 daAuts
     D:8: 950 daAuts
     D:1: 787 daAuts
     D:9: 716 daAuts
     D:7: 619 daAuts
     D:4: 618 daAuts
     D:3: 487 daAuts
  Temple: 20 daAuts
